[Event "Titled Tuesday Blitz October 5 2021"]
[White "Quintiliano Pinto, Renato R."]
[Black "Pavlidis, Anastasios"]
[WhiteFideId "2117568"]
[BlackFideId "4208404"]
[WhiteElo "2439"]
[BlackElo "2136"]
[Result "1-0"]
[Round "01"]
[TimeControl "180+1"]
[Date "2021.10.05"]
[WhiteClock "0:02:13"]
[BlackClock "0:02:32"]

1. Nf3 g6 2. d4 Bg7 3. e4 d6 4. Bc4 Nd7 5. Bxf7+ Kf8 6. Bb3 Ndf6 7. Nc3 c6 8. O-O Bg4 9. h3 Bd7 10. e5 Nd5 11. Nxd5 cxd5 12. Bxd5 e6 13. Bxb7 Rb8 14. Be4 d5 15. Bd3 Ne7 16. c3 Nf5 17. g4 Nh4 18. Bg5 1-0


[Site "https://www.chess.com"]

[Event "Titled Tuesday Blitz October 5 2021"]
[White "Rasulov, Vugar"]
[Black "Mickiewicz, Piotr"]
[WhiteFideId "13402390"]
[BlackFideId "1114891"]
[WhiteElo "2560"]
[BlackElo "2251"]
[Result "0-1"]
[Round "01"]
[TimeControl "180+1"]
[Date "2021.10.05"]
[WhiteClock "0:00:16"]
[BlackClock "0:00:03"]

1. e4 c5 2. Nf3 d6 3. d4 cxd4 4. Nxd4 Nf6 5. Nc3 e6 6. Be3 a6 7. f3 b5 8. g4 Bb7 9. Qd2 Nfd7 10. O-O-O Nb6 11. Bd3 N8d7 12. g5 Rc8 13. Kb1 Ne5 14. h4 b4 15. Nce2 Nbc4 16. Bxc4 Nxc4 17. Qd3 Be7 18. Bc1 O-O 19. g6 hxg6 20. h5 g5 21. Rdg1 d5 22. exd5 Qxd5 23. f4 g4 24. f5 e5 25. h6 g5 26. fxg6 exd4 27. g7 Rfd8 28. Ng3 Ne5 29. Nf5 Kh7 30. Qg3 Ng6 31. Qxg4 Bf6 32. Ng3 d3 33. Nh5 dxc2+ 34. Ka1 Be5 35. Re1 Rc5 36. Rhf1 Ra5 37. g8=Q+ Rxg8 38. Rxf7+ Qxf7 39. Nf6+ Bxf6 40. Qc4 Qxc4 0-1


[Site "https://www.chess.com"]

[Event "Titled Tuesday Blitz October 5 2021"]
[White "Reprintsev, Alexander"]
[Black "Salinas Herrera, Pablo"]
[WhiteFideId "14100541"]
[BlackFideId "3407128"]
[WhiteElo "2126"]
[BlackElo "2541"]
[Result "0-1"]
[Round "01"]
[TimeControl "180+1"]
[Date "2021.10.05"]
[WhiteClock "0:00:18"]
[BlackClock "0:01:06"]

1. e4 e5 2. Nf3 Nc6 3. Bc4 Bc5 4. b4 Bxb4 5. c3 Ba5 6. d4 b5 7. Bxb5 Nxd4 8. Nxd4 exd4 9. Bd2 dxc3 10. Bxc3 Bxc3+ 11. Nxc3 Ne7 12. O-O O-O 13. Qd3 d6 14. Rac1 Be6 15. f4 c6 16. Ba4 f5 17. Rfd1 fxe4 18. Qxe4 Bg4 19. Re1 Rf7 20. Bc2 Bf5 21. Qc4 d5 22. Qb3 Bxc2 23. Rxc2 Qb6+ 24. Qxb6 axb6 25. g3 c5 26. Re6 d4 27. Ne4 Nd5 28. Ng5 Rb7 29. Rd6 Ne3 30. Rb2 Nc4 0-1


[Site "https://www.chess.com"]

[Event "Titled Tuesday Blitz October 5 2021"]
[White "Ronka, Erik"]
[Black "Visakh N R"]
[WhiteFideId "505080"]
[BlackFideId "25012223"]
[WhiteElo "2264"]
[BlackElo "2454"]
[Result "0-1"]
[Round "01"]
[TimeControl "180+1"]
[Date "2021.10.05"]
[WhiteClock "0:00:20"]
[BlackClock "0:01:30"]

1. e4 c6 2. d4 d5 3. e5 Bf5 4. Nc3 e6 5. g4 Bg6 6. Nge2 c5 7. Be3 Nc6 8. dxc5 h5 9. Nd4 hxg4 10. Bb5 Ne7 11. Ba4 Rc8 12. Ndb5 Nf5 13. Qe2 a6 14. Nd6+ Bxd6 15. cxd6 b5 16. Bb3 d4 17. O-O-O O-O 18. Ne4 dxe3 19. f4 Ncd4 20. Qg2 e2 21. Rde1 Nxb3+ 22. axb3 Rxc2+ 23. Kb1 Ne3 24. Qg3 Bxe4 0-1


[Site "https://www.chess.com"]

[Event "Titled Tuesday Blitz October 5 2021"]
[White "Royal, Shreyas"]
[Black "Stribuk, Artiom"]
[WhiteFideId "448869"]
[BlackFideId "13515659"]
[WhiteElo "1931"]
[BlackElo "2224"]
[Result "0-1"]
[Round "01"]
[TimeControl "180+1"]
[Date "2021.10.05"]
[WhiteClock "0:00:11"]
[BlackClock "0:00:09"]

1. d4 Nf6 2. c4 g6 3. Nc3 d5 4. cxd5 Nxd5 5. e4 Nxc3 6. bxc3 Bg7 7. Bc4 O-O 8. Be3 c5 9. Ne2 Nc6 10. O-O Bg4 11. f3 Na5 12. Bxf7+ Rxf7 13. fxg4 Rxf1+ 14. Kxf1 Qd6 15. Kg1 Qe6 16. Ng3 Nc4 17. Qb3 Kh8 18. d5 Qa6 19. Bxc5 e6 20. dxe6 Qxe6 21. Bd4 b6 22. Bxg7+ Kxg7 23. Rd1 Rc8 24. Qb5 Ne5 25. Rd5 Nxg4 26. Qd7+ Qxd7 27. Rxd7+ Kh6 28. h3 Ne5 29. Rxa7 Rxc3 30. Kf2 Rc2+ 31. Ne2 Rb2 32. g4 Nc6 33. Rd7 Rxa2 34. Ke3 Ne5 35. Re7 Ra3+ 36. Kd4 Nf3+ 37. Kc4 Nd2+ 38. Kb5 Rxh3 39. Kxb6 Re3 40. Nd4 Rxe4 41. Rd7 Rxg4 42. Ne6 Ne4 43. Nf8 Nf6 44. Rf7 Rf4 45. Nxh7 Nd5+ 46. Kc5 Rxf7 0-1


[Site "https://www.chess.com"]

[Event "Titled Tuesday Blitz October 5 2021"]
[White "Rozhkov, Viacheslav"]
[Black "Nesterov, Arseniy"]
[WhiteFideId "4181484"]
[BlackFideId "24198455"]
[WhiteElo "2324"]
[BlackElo "2494"]
[Result "0-1"]
[Round "01"]
[TimeControl "180+1"]
[Date "2021.10.05"]
[WhiteClock "0:00:02"]
[BlackClock "0:00:40"]

1. e4 e5 2. Nf3 Nc6 3. d4 exd4 4. Bc4 Nf6 5. e5 d5 6. Bb5 Ne4 7. Nxd4 Bc5 8. Be3 Bxd4 9. Bxd4 O-O 10. Bxc6 bxc6 11. O-O c5 12. Be3 d4 13. Bc1 Bb7 14. f3 Ng5 15. f4 Ne4 16. c4 f6 17. exf6 Qxf6 18. Nd2 Rae8 19. Nf3 Nd6 20. Ne5 Nf7 21. Nd3 Qf5 22. b4 cxb4 23. c5 a5 24. Bb2 Qd5 25. Qg4 Nh6 26. Qg5 Nf5 27. Ne5 Ne3 28. Rf3 h6 29. Qg6 Re6 30. Qg3 Nxg2 31. Qxg2 Rxe5 32. Rg3 Qxg2+ 33. Rxg2 Rxf4 0-1


[Site "https://www.chess.com"]

[Event "Titled Tuesday Blitz October 5 2021"]
[White "Sadhwani, Raunak"]
[Black "losersgame"]
[WhiteFideId "35093487"]
[WhiteElo "2517"]
[BlackElo "2475"]
[Result "1-0"]
[Round "01"]
[TimeControl "180+1"]
[Date "2021.10.05"]
[WhiteClock "0:00:31"]
[BlackClock "0:00:01"]

1. d4 Nf6 2. Nf3 g6 3. Nc3 d5 4. Bf4 Bg7 5. Nb5 Na6 6. e3 c6 7. Nc3 Nc7 8. h3 O-O 9. Be2 a5 10. O-O b6 11. Ne5 Bb7 12. Bf3 Ne6 13. Qd2 Nxf4 14. exf4 e6 15. Ne2 c5 16. c3 Qe7 17. Rfe1 Rfd8 18. Qe3 a4 19. a3 Rac8 20. Rad1 Ne8 21. g4 Nd6 22. Ng3 cxd4 23. Rxd4 Qf8 24. Rdd1 b5 25. h4 Nc4 26. Nxc4 Rxc4 27. f5 d4 28. cxd4 Rcxd4 29. fxe6 Bxf3 30. Qxf3 Rxd1 31. Rxd1 1-0


[Site "https://www.chess.com"]

[Event "Titled Tuesday Blitz October 5 2021"]
[White "Sagripanti, Michele"]
[Black "Moskalenko, Alexander"]
[WhiteFideId "847895"]
[BlackFideId "4155351"]
[WhiteElo "2195"]
[BlackElo "2515"]
[Result "1/2-1/2"]
[Round "01"]
[TimeControl "180+1"]
[Date "2021.10.05"]
[WhiteClock "0:00:14"]
[BlackClock "0:00:12"]

1. e4 e5 2. d4 exd4 3. c3 d5 4. Qxd4 dxe4 5. Qxd8+ Kxd8 6. Bc4 Ke8 7. f3 Nf6 8. Bg5 Nbd7 9. Nd2 Ne5 10. Bb3 Nd3+ 11. Ke2 Nxb2 12. Bxf6 gxf6 13. Nxe4 Ba3 14. Nxf6+ Kf8 15. Nh3 b6 16. Nf4 Ba6+ 17. Kd2 Nc4+ 18. Kc2 Ne3+ 19. Kd2 Nc4+ 20. Kc2 Rd8 21. Bxc4 Bxc4 22. Rhd1 Kg7 23. N6h5+ Kh6 24. g4 Be7 25. h4 Bxh4 26. Rh1 Kg5 27. a4 Rhe8 28. Nh3+ Kh6 29. N3f4 Kg5 30. a5 Re5 31. Nh3+ Kh6 32. N3f4 Bg5 33. axb6 axb6 34. Ng3+ Kg7 35. Nfh5+ Kg8 36. f4 Bd3+ 37. Kc1 Bh6 38. Rd1 Rc5 39. Rxd3 Rxd3 40. Ra8+ Bf8 41. Nf6+ Kg7 42. Ngh5+ Kh6 43. Rxf8 Rcxc3+ 44. Kb1 Rb3+ 45. Kc1 Rbc3+ 46. Kb1 Rb3+ 47. Kc1 Rbc3+ 1/2-1/2


[Site "https://www.chess.com"]

[Event "Titled Tuesday Blitz October 5 2021"]
[White "Salimova, Nurgyul"]
[Black "Begunov, Konstantin"]
[WhiteFideId "2915138"]
[BlackFideId "4118510"]
[WhiteElo "2071"]
[BlackElo "2262"]
[Result "1-0"]
[Round "01"]
[TimeControl "180+1"]
[Date "2021.10.05"]
[WhiteClock "0:00:12"]
[BlackClock "0:00:10"]

1. e4 c5 2. Nf3 d6 3. d4 cxd4 4. Nxd4 Nf6 5. Nc3 a6 6. Bg5 e6 7. f4 Qb6 8. Qd2 Nc6 9. Bxf6 gxf6 10. Nb3 Be7 11. O-O-O Bd7 12. Be2 h5 13. h4 O-O-O 14. Bf3 Na5 15. Nd5 Nxb3+ 16. axb3 exd5 17. exd5 f5 18. Qc3+ Qc7 19. Qd4 Qc5 20. Qg7 Qe3+ 21. Kb1 Qxf4 22. Qxf7 Bxh4 23. Rd3 Rdf8 24. Rc3+ Kd8 25. Qg6 Bf6 26. Rc4 Qe5 27. c3 Rfg8 28. Qf7 Rg7 29. Qxh5 Rxh5 30. Rxh5 Bb5 31. Rb4 Bd3+ 32. Ka2 Kc7 33. Rh6 Be4 34. Be2 Bxg2 35. Bd3 Be4 36. Bc4 f4 37. Bf1 f3 38. Rc4+ Kd7 39. Bh3+ Ke7 40. Rc7+ Kf8 41. Rh8+ Rg8 42. Rc8+ Kf7 43. Rhxg8 Qxd5 44. Rgf8+ Kg6 45. Rg8+ Bg7 46. Rce8 1-0


[Site "https://www.chess.com"]

[Event "Titled Tuesday Blitz October 5 2021"]
[White "Sanal, Vahap"]
[Black "Pires, Marcos Vinicius Torsani"]
[WhiteFideId "6300545"]
[BlackFideId "2118939"]
[WhiteElo "2492"]
[BlackElo "2273"]
[Result "1-0"]
[Round "01"]
[TimeControl "180+1"]
[Date "2021.10.05"]
[WhiteClock "0:02:03"]
[BlackClock "0:01:56"]

1. e4 c6 2. d3 d5 3. Nd2 e5 4. g3 Bd6 5. Bg2 Nf6 6. Ngf3 O-O 7. O-O Nbd7 8. c3 a5 9. Re1 Re8 10. a4 Qc7 11. Qc2 Nf8 12. Nf1 b6 13. Ne3 dxe4 14. dxe4 Ba6 15. Nf5 Bc5 16. Bg5 N8d7 17. Rad1 h6 18. Bc1 Rad8 19. h4 Bf8 20. Bh3 Kh7 21. g4 g6 22. g5 hxg5 23. Nxg5+ Kg8 24. Nxf7 Kxf7 25. Qb3+ Re6 26. Nh6+ Bxh6 27. Qxe6+ Kg7 28. Qe7+ 1-0


[Site "https://www.chess.com"]

[Event "Titled Tuesday Blitz October 5 2021"]
[White "Sarana, Alexey"]
[Black "Babiy, Olga"]
[WhiteFideId "24133795"]
[BlackFideId "14117258"]
[WhiteElo "2671"]
[BlackElo "2192"]
[Result "1-0"]
[Round "01"]
[TimeControl "180+1"]
[Date "2021.10.05"]
[WhiteClock "0:00:17"]
[BlackClock "0:00:02"]

1. e4 c6 2. d3 d5 3. Nf3 dxe4 4. dxe4 Qxd1+ 5. Kxd1 Nd7 6. Nbd2 e5 7. Bd3 f6 8. c3 Nc5 9. Bc2 Be6 10. b4 Nd7 11. Bb3 Kf7 12. Kc2 a5 13. Bxe6+ Kxe6 14. Kb3 axb4 15. cxb4 Ne7 16. Nc4 Nc8 17. Be3 Nd6 18. Nxd6 Bxd6 19. Rhd1 Rhd8 20. a4 Nf8 21. Nd2 Bc7 22. Nc4 b5 23. axb5 cxb5 24. Na3 Rab8 25. Rxd8 Bxd8 26. Rc1 Be7 27. Rc6+ Kd7 28. Ra6 Ne6 29. Ra7+ Kd8 30. Ra5 Nc7 31. Nb1 Kd7 32. Nc3 Kc6 33. Ra1 Rd8 34. Rc1 Kb7 35. Ra1 h5 36. Ra7+ Kc6 37. Nd5 Bd6 38. Bb6 Rd7 39. Bxc7 Bxc7 40. f3 Bd8 41. Ra8 g6 42. Rc8+ Kb7 43. Rc5 Ka6 44. Rc6+ Kb7 45. Re6 g5 46. h3 Ka7 47. Nc3 Rd2 48. Nxb5+ Kb7 49. Nd6+ Kb8 50. g4 hxg4 51. hxg4 Rd3+ 52. Kc4 Rxf3 53. Kd5 Kc7 54. Nf5 Rd3+ 55. Kc4 Rd1 56. b5 Rc1+ 57. Kd3 Kd7 58. Rd6+ Kc7 59. b6+ Kc8 60. b7+ Kxb7 61. Kd2 Rc8 62. Rd7+ Kc6 63. Rf7 Ba5+ 64. Kd3 Bd8 65. Rf8 Ra8 66. Kc4 Kd7 67. Rh8 Ra4+ 68. Kd3 Ra3+ 69. Kc2 Ra2+ 70. Kb3 Re2 71. Rh7+ Ke6 72. Rh8 Kd7 73. Kc4 Rxe4+ 74. Kd5 Rxg4 75. Rh7+ Kc8 76. Nd6+ Kb8 77. Kc6 Rg1 78. Rh8 Rc1+ 79. Kd7 Rd1 80. Rxd8+ Ka7 81. Kc6 Rc1+ 82. Kd5 Rd1+ 83. Ke6 1-0


[Site "https://www.chess.com"]

[Event "Titled Tuesday Blitz October 5 2021"]
[White "Seliverstov, Vladimir"]
[Black "Ekdyshman, Mikhail"]
[WhiteFideId "4192036"]
[BlackFideId "4149416"]
[WhiteElo "2489"]
[BlackElo "2256"]
[Result "1-0"]
[Round "01"]
[TimeControl "180+1"]
[Date "2021.10.05"]
[WhiteClock "0:01:31"]
[BlackClock "0:00:04"]

1. d4 Nf6 2. c4 c5 3. d5 b5 4. cxb5 a6 5. Nc3 axb5 6. e4 b4 7. Nb5 d6 8. Bc4 g6 9. e5 dxe5 10. d6 exd6 11. Bg5 Ra6 12. Qb3 d5 13. Bxd5 Be6 14. Bxf6 Bxd5 15. Bxd8 Bxb3 16. Nc7+ Kxd8 17. Nxa6 Nxa6 18. axb3 Nc7 19. Nf3 Bg7 20. Ng5 Ke7 21. Ra7 Rc8 22. Ke2 h6 23. Ne4 f5 24. Nxc5 Kd6 25. Rc1 Bf6 26. Na6 Nb5 27. Rxc8 Nxa7 28. Rg8 g5 29. Nxb4 Nb5 30. Nc2 e4 31. Rg6 Ke7 32. Rxh6 Bxb2 33. Rg6 Bf6 34. Rg8 Nc3+ 35. Kd2 Nd5 36. Ne3 Nf4 37. Nxf5+ Kf7 38. Nh6+ Ke6 39. g3 Nd5 40. Re8+ Kd6 41. Rxe4 Bc3+ 42. Kd3 Bg7 43. Nf5+ 1-0


[Site "https://www.chess.com"]

[Event "Titled Tuesday Blitz October 5 2021"]
[White "Shkapenko, Pavel"]
[Black "Heinemann, Josefine"]
[WhiteFideId "4151933"]
[BlackFideId "12900460"]
[WhiteElo "2386"]
[BlackElo "2300"]
[Result "1-0"]
[Round "01"]
[TimeControl "180+1"]
[Date "2021.10.05"]
[WhiteClock "0:00:43"]
[BlackClock "0:00:27"]

1. e4 c5 2. c3 Nf6 3. e5 Nd5 4. d4 cxd4 5. cxd4 d6 6. Nf3 Nc6 7. Bc4 Nb6 8. Bb3 dxe5 9. d5 Na5 10. Nc3 Nxb3 11. Qxb3 e6 12. Nxe5 Bd6 13. Qb5+ Kf8 14. dxe6 Bxe6 15. O-O Kg8 16. Re1 h5 17. Bf4 a6 18. Qe2 Qf6 19. Ne4 Qxf4 20. Nxd6 Rh6 21. Nxb7 h4 22. Nc5 Bd5 23. Qg4 Qf6 24. b3 Qd6 25. Ncd3 Re8 26. Qd4 Qf6 27. Qf4 Qd6 28. Ng4 Qxf4 29. Rxe8+ 1-0


[Site "https://www.chess.com"]

[Event "Titled Tuesday Blitz October 5 2021"]
[White "Spitzl, Vinzent"]
[Black "Khusnutdinov, Rustam"]
[WhiteFideId "12901253"]
[BlackFideId "13701703"]
[WhiteElo "2160"]
[BlackElo "2571"]
[Result "0-1"]
[Round "01"]
[TimeControl "180+1"]
[Date "2021.10.05"]
[WhiteClock "0:00:05"]
[BlackClock "0:00:30"]

1. e4 e5 2. Nf3 Nf6 3. Nxe5 d6 4. Nf3 Nxe4 5. Nc3 Nxc3 6. dxc3 Be7 7. Be3 O-O 8. Qd2 Nd7 9. O-O-O Nf6 10. h4 Be6 11. Kb1 c5 12. Ng5 Bd7 13. Bd3 b5 14. Be4 Rb8 15. Bf3 Qa5 16. Ne4 Nxe4 17. Bxe4 Be6 18. Bd5 b4 19. c4 Rb6 20. Qd3 Ra6 21. Qb3 Bd7 22. h5 Bf6 23. h6 g6 24. Bf4 Bc3 25. bxc3 bxc3 26. Bc1 Rb6 27. Rd3 Ba4 28. Rhh3 Bxb3 29. cxb3 c2+ 30. Kxc2 Qxa2+ 31. Bb2 a5 32. Rh1 Re8 33. Bf3 a4 34. Ra1 axb3+ 35. Kc3 Reb8 36. Rxa2 bxa2 37. Ba1 Rb1 0-1


[Site "https://www.chess.com"]

[Event "Titled Tuesday Blitz October 5 2021"]
[White "Starozhilov, Leonid"]
[Black "Miszler, Levente"]
[WhiteFideId "14106752"]
[BlackFideId "763276"]
[WhiteElo "2414"]
[BlackElo "1966"]
[Result "1-0"]
[Round "01"]
[TimeControl "180+1"]
[Date "2021.10.05"]
[WhiteClock "0:00:04"]
[BlackClock "0:00:02"]

1. e4 e6 2. d3 d5 3. Nd2 Nf6 4. Ngf3 Be7 5. g3 O-O 6. Bg2 c5 7. O-O Nc6 8. Re1 b5 9. e5 Nd7 10. Nf1 Bb7 11. h4 Qc7 12. Bf4 Rfc8 13. Ne3 Qd8 14. h5 h6 15. Ng4 Bf8 16. c3 a5 17. Qd2 a4 18. Rad1 c4 19. d4 a3 20. bxa3 Rxa3 21. Nxh6+ gxh6 22. Bxh6 Bxh6 23. Qxh6 Qf8 24. Qf4 Rxa2 25. Ng5 Qg7 26. h6 Qg6 27. Bf3 Nf8 28. Qh4 Nh7 29. Nh3 Kh8 30. Rb1 Ba6 31. Ra1 Rxa1 32. Rxa1 Bb7 33. Kg2 b4 34. cxb4 Nxb4 35. Nf4 Qg5 36. Qxg5 Nxg5 37. Rb1 Nd3 38. Nxd3 cxd3 39. Rxb7 d2 40. Be2 Rc1 41. f4 Ne4 42. Rxf7 d1=Q 43. Bxd1 Rxd1 44. Re7 Rxd4 45. Rxe6 Rd2+ 46. Kf3 Rd3+ 47. Kg4 Rxg3+ 48. Kf5 Nc3 49. Rd6 Kh7 50. e6 Re3 51. Rd7+ Kxh6 52. Kf6 1-0


[Site "https://www.chess.com"]

[Event "Titled Tuesday Blitz October 5 2021"]
[White "Svane, Rasmus"]
[Black "Fataliyeva, Ulviyya"]
[WhiteFideId "4657101"]
[BlackFideId "13403052"]
[WhiteElo "2643"]
[BlackElo "2240"]
[Result "1-0"]
[Round "01"]
[TimeControl "180+1"]
[Date "2021.10.05"]
[WhiteClock "0:00:09"]
[BlackClock "0:00:01"]

1. Nf3 d5 2. g3 Bg4 3. Bg2 Nd7 4. O-O c6 5. h3 Bh5 6. d4 e6 7. c4 Bxf3 8. Bxf3 dxc4 9. Qc2 Nb6 10. Rd1 Nf6 11. e3 Nfd5 12. a3 Qf6 13. Nd2 Qg6 14. Be4 Qh5 15. Bg2 Qe2 16. Bf3 Qd3 17. Qxd3 cxd3 18. Ne4 O-O-O 19. Rxd3 Nf6 20. Bd2 Nxe4 21. Bxe4 Be7 22. Rc1 Rd7 23. Ba5 Nd5 24. Rb3 Bd8 25. Be1 Bb6 26. Kf1 Rhd8 27. h4 Kb8 28. Ke2 Ka8 29. g4 Nf6 30. Bf3 Nd5 31. a4 Bc7 32. Be4 g6 33. f4 f5 34. Bf3 Nf6 35. g5 Ne4 36. h5 gxh5 37. Bxh5 h6 38. gxh6 Rh8 39. Bf3 Rxh6 40. Kd3 Rh3 41. Bxe4 fxe4+ 42. Kxe4 Rd5 43. Bd2 Rh2 44. Rd3 a6 45. b4 Ka7 46. Rc5 Rd7 47. Rg5 Rf7 48. Rg6 Re7 49. b5 axb5 50. axb5 cxb5 51. Ra3+ 1-0


[Site "https://www.chess.com"]

[Event "Titled Tuesday Blitz October 5 2021"]
[White "Sviridova, Vlada"]
[Black "Taboas Rodriguez, Daniel"]
[WhiteFideId "24109606"]
[BlackFideId "2208466"]
[WhiteElo "2101"]
[BlackElo "2429"]
[Result "0-1"]
[Round "01"]
[TimeControl "180+1"]
[Date "2021.10.05"]
[WhiteClock "0:00:12"]
[BlackClock "0:00:38"]

1. d4 Nf6 2. c4 g6 3. Nc3 Bg7 4. e4 d6 5. Nf3 O-O 6. Be2 e5 7. O-O Nc6 8. d5 Ne7 9. Ne1 Ne8 10. Be3 f5 11. f3 f4 12. Bf2 g5 13. Nd3 Rf6 14. c5 Rg6 15. Rc1 Bf8 16. Kh1 h5 17. Rg1 g4 18. g3 fxg3 19. Bxg3 Bh6 20. Rc2 Be3 21. Re1 Nf6 22. fxg4 Nxg4 23. Bf3 Bg5 24. Qe2 a6 25. b4 Kh7 26. Rb2 Ng8 27. Rg1 N8f6 28. Nd1 Qe7 29. a4 Bd7 30. a5 Rag8 31. N3f2 Bb5 32. Qe1 Nxf2+ 33. Bxf2 Bf4 34. Rxg6 Rxg6 35. Ne3 Bd7 36. c6 bxc6 37. dxc6 Bxc6 38. Nf5 Qe6 39. Rc2 Qxf5 40. Rxc6 Qh3 41. Qe2 Qxh2# 0-1


[Site "https://www.chess.com"]

[Event "Titled Tuesday Blitz October 5 2021"]
[White "Temirkanov, David"]
[Black "Krivonosov, Oleg"]
[WhiteFideId "4168534"]
[BlackFideId "11600349"]
[WhiteElo "2125"]
[BlackElo "2469"]
[Result "1/2-1/2"]
[Round "01"]
[TimeControl "180+1"]
[Date "2021.10.05"]
[WhiteClock "0:00:55"]
[BlackClock "0:01:53"]

1. d4 d5 2. Bg5 h6 3. Bh4 c6 4. Nf3 Bf5 5. e3 Nd7 6. Bd3 Bxd3 7. cxd3 Ngf6 8. O-O e6 9. Nc3 Be7 10. Qe2 O-O 11. Ne5 Nxe5 12. dxe5 Nd7 13. Bxe7 Qxe7 14. d4 f6 15. f4 fxe5 16. fxe5 Rxf1+ 17. Rxf1 Rf8 18. Rxf8+ Qxf8 19. Qg4 Qf7 20. Ne2 Nf8 21. Nf4 Kh7 22. h4 g6 23. b3 Qf5 24. Qxf5 gxf5 25. Kf2 Kg7 26. Kf3 Kf7 27. g4 Ng6 28. Nxg6 Kxg6 29. Kf4 fxg4 30. Kxg4 a5 31. a3 b6 32. b4 axb4 33. axb4 Kg7 34. Kf4 Kg6 35. Kg4 Kf7 36. Kf4 Kg7 37. Kg4 Kg6 38. Kf4 Kh5 39. Kg3 Kg6 40. Kg4 1/2-1/2


[Site "https://www.chess.com"]

[Event "Titled Tuesday Blitz October 5 2021"]
[White "Tiarks, Jann-Christian"]
[Black "Dang, Hoang Son"]
[WhiteFideId "12951595"]
[BlackFideId "12402435"]
[WhiteElo "2176"]
[BlackElo "2248"]
[Result "0-1"]
[Round "01"]
[TimeControl "180+1"]
[Date "2021.10.05"]
[WhiteClock "0:00:01"]
[BlackClock "0:00:51"]

1. e4 g6 2. g3 Bg7 3. Bg2 d6 4. Ne2 Nf6 5. O-O O-O 6. c3 c5 7. d4 Nc6 8. h3 Rb8 9. Nd2 Nd7 10. d5 Na5 11. f4 b5 12. Kh2 b4 13. c4 Nb6 14. Qc2 Ba6 15. a3 Nbxc4 16. axb4 cxb4 17. Nxc4 Bxc4 18. Re1 Rc8 19. Qa4 Nb3 20. Rb1 Qb6 21. Ng1 Nxc1 22. Rexc1 a5 23. b3 Bb5 24. Qa2 Rc3 25. Ne2 Bxe2 26. Qxe2 Rfc8 27. Rxc3 Rxc3 28. e5 dxe5 29. fxe5 Re3 30. Qc4 Bxe5 31. Qc8+ Kg7 32. Rf1 Rxg3 33. Kh1 Qe3 34. Qd7 Rxg2 35. Kxg2 Qg3+ 36. Kh1 Qh2# 0-1


[Site "https://www.chess.com"]

[Event "Titled Tuesday Blitz October 5 2021"]
[White "Timofeev, Artyom"]
[Black "Veiga, Emerson de Sousa"]
[WhiteFideId "4140419"]
[BlackFideId "2151898"]
[WhiteElo "2591"]
[BlackElo "2034"]
[Result "1-0"]
[Round "01"]
[TimeControl "180+1"]
[Date "2021.10.05"]
[WhiteClock "0:00:39"]
[BlackClock "0:00:02"]

1. c4 Nf6 2. Nc3 e5 3. e3 d5 4. cxd5 Nxd5 5. Nf3 Nc6 6. Bb5 Nxc3 7. bxc3 Bd6 8. d4 exd4 9. cxd4 Bd7 10. O-O O-O 11. Bb2 Bg4 12. Be2 Qe7 13. Rc1 Rad8 14. h3 Bh5 15. Nd2 Bxe2 16. Qxe2 Rfe8 17. Nc4 Bf4 18. Qf3 Bg5 19. Rcd1 Qb4 20. Rc1 Bf6 21. a3 Qb3 22. Qd1 Qb5 23. Qc2 Ne7 24. Nd2 c6 25. Nf3 Nd5 26. Rfd1 Re6 27. a4 Qa5 28. Ba3 Rde8 29. Bb2 Nb6 30. Ra1 Qh5 31. a5 Nd5 32. a6 b6 33. Rac1 h6 34. Qa4 b5 35. Qb3 Qf5 36. Qd3 Qh5 37. Re1 Bd8 38. Kh1 Bc7 39. Ne5 Bxe5 40. dxe5 f6 41. exf6 Nxf6 42. Qd4 Rf8 43. Qxa7 Qf5 44. e4 1-0


[Site "https://www.chess.com"]

[Event "Titled Tuesday Blitz October 5 2021"]
[White "Titichoca Daza, Daniel"]
[Black "Ibrahimli, Murad"]
[WhiteFideId "3309550"]
[BlackFideId "13410229"]
[WhiteElo "1968"]
[BlackElo "2109"]
[Result "0-1"]
[Round "01"]
[TimeControl "180+1"]
[Date "2021.10.05"]
[WhiteClock "0:00:02"]
[BlackClock "0:00:09"]

1. e4 c5 2. Nc3 Nc6 3. Bb5 Nd4 4. Nf3 e6 5. O-O Nxf3+ 6. Qxf3 a6 7. Bd3 Ne7 8. b3 Nc6 9. a3 Bd6 10. Bb2 Qh4 11. g3 Qh3 12. Qg2 Qxg2+ 13. Kxg2 f6 14. f4 b5 15. Rae1 Bb7 16. Nd1 Be7 17. Ne3 Rc8 18. c3 Na5 19. Bc2 h5 20. d3 Nc6 21. h4 Bd8 22. d4 cxd4 23. cxd4 Ne7 24. Kf2 Bb6 25. Bd3 Kf7 26. Rc1 Nc6 27. Nc2 Na5 28. Na1 d5 29. e5 Nc6 30. Ke3 Ke7 31. Bc3 fxe5 32. fxe5 Nxe5 33. Bb4+ Kd7 34. Rxc8 Rxc8 35. Nc2 Ng4+ 36. Kd2 Nf6 37. Bg6 a5 38. Bc3 Ke7 39. Bd3 Bc6 40. Ne3 Bd7 41. Ng2 Bc7 42. Nf4 Bd6 43. Ng6+ Ke8 44. Ne5 Bxa3 45. Bg6+ Ke7 46. Bxa5 Bd6 47. Nd3 Ne4+ 48. Bxe4 dxe4 49. Ne5 Be8 50. Ke3 Rc2 51. Kxe4 Rb2 52. Bb6 Rxb3 53. Ra1 Ra3 0-1


[Site "https://www.chess.com"]

[Event "Titled Tuesday Blitz October 5 2021"]
[White "Todorovic, Bojan"]
[Black "Atabayev, Saparmyrat"]
[WhiteFideId "917087"]
[BlackFideId "14000571"]
[WhiteElo "2266"]
[BlackElo "2483"]
[Result "0-1"]
[Round "01"]
[TimeControl "180+1"]
[Date "2021.10.05"]
[WhiteClock "0:00:38"]
[BlackClock "0:02:02"]

1. Nf3 Nf6 2. c4 g6 3. Nc3 Bg7 4. d4 O-O 5. e4 d6 6. Be2 e5 7. O-O Nc6 8. d5 Ne7 9. Nd2 Nd7 10. b4 f5 11. c5 dxc5 12. bxc5 Nxc5 13. Ba3 Nxe4 14. Ndxe4 fxe4 15. d6 cxd6 16. Qxd6 Nf5 17. Bc4+ Kh8 18. Qxd8 Rxd8 19. Nxe4 Bd7 20. Ng5 Be8 21. Ne6 Rdc8 22. Rac1 Bh6 23. f4 Bf7 24. Bb2 Rxc4 25. Rxc4 Bxe6 26. Bxe5+ Kg8 27. Rc7 Bd5 28. Rd1 Bc6 29. g4 Ne3 30. Rd6 Nxg4 31. Bd4 Bxf4 0-1


[Site "https://www.chess.com"]

[Event "Titled Tuesday Blitz October 5 2021"]
[White "Tristan, Leonardo"]
[Black "Silva, Kevin Ranidu"]
[WhiteFideId "113816"]
[BlackFideId "9935258"]
[WhiteElo "2404"]
[BlackElo "1626"]
[Result "1-0"]
[Round "01"]
[TimeControl "180+1"]
[Date "2021.10.05"]
[WhiteClock "0:00:13"]
[BlackClock "0:00:14"]

1. d4 Nf6 2. Nf3 e6 3. Bf4 d5 4. e3 c5 5. Nbd2 Nc6 6. c3 Bd6 7. Bg3 O-O 8. Bd3 b6 9. Qe2 Qc7 10. e4 dxe4 11. Nxe4 Nxe4 12. Bxe4 f5 13. dxc5 fxe4 14. cxd6 exf3 15. dxc7 fxe2 16. Kxe2 e5 17. Rad1 Be6 18. b3 Bg4+ 19. f3 Bf5 20. Rd6 Ne7 21. Bxe5 Ng6 22. Bg3 Rfe8+ 23. Kf2 Rac8 24. Rhd1 Rxc7 25. Rxg6 Rce7 26. Rg5 Re2+ 27. Kg1 Bc2 28. Rd7 Bg6 29. h4 Rxa2 30. h5 Ra1+ 31. Kh2 Ree1 32. Be5 h6 33. Rxg6 Rxe5 34. Rgxg7+ Kf8 35. Rdf7+ Ke8 36. Rxa7 Rxa7 37. Rxa7 Rxh5+ 38. Kg3 Rc5 39. c4 b5 40. Ra5 Rg5+ 41. Kf2 Rg6 42. Rxb5 Kd7 43. Rd5+ Kc6 44. g4 Re6 45. b4 Re8 46. b5+ Kb6 47. Rd6+ Kc5 48. Rc6+ Kd4 49. b6 1-0


[Site "https://www.chess.com"]

[Event "Titled Tuesday Blitz October 5 2021"]
[White "Vega Gutierrez, Sabrina"]
[Black "Sychev, Klementy"]
[WhiteFideId "2219026"]
[BlackFideId "4114060"]
[WhiteElo "2286"]
[BlackElo "2615"]
[Result "0-1"]
[Round "01"]
[TimeControl "180+1"]
[Date "2021.10.05"]
[WhiteClock "0:00:07"]
[BlackClock "0:01:21"]

1. e4 c5 2. Nf3 d6 3. d4 cxd4 4. Nxd4 Nf6 5. Nc3 g6 6. Be3 Bg7 7. f3 O-O 8. Qd2 Nc6 9. O-O-O d5 10. Nxc6 bxc6 11. Bh6 Bxh6 12. Qxh6 Rb8 13. e5 Nd7 14. h4 Nxe5 15. h5 Bf5 16. g4 f6 17. hxg6 Bxg6 18. Be2 Qa5 19. f4 Rxb2 20. Kxb2 Rb8+ 21. Kc1 Qxc3 22. f5 Rb2 23. Qd2 Qa3 24. Qe1 Rb3+ 25. Kd2 Qb4+ 26. Kc1 Rb1# 0-1


[Site "https://www.chess.com"]